 Dungeon Crawl Stone Soup version 0.19.1 (webtiles) character file.

162 KingCrawl the Grave Robber (level 5, -3/35 HPs)
             Began as a Demonspawn Necromancer on Dec 26, 2016.
             Slain by a worker ant (6 damage)
             ... on level 4 of the Dungeon on Dec 27, 2016.
             The game lasted 00:13:04 (2935 turns).

KingCrawl the Grave Robber (Demonspawn Necromancer) Turns: 2935, Time: 00:13:05

Health: -3/35      AC:  3    Str:  8    XL:     5   Next: 19%
Magic:  8/9        EV: 12    Int: 17    God:
Gold:   136        SH:  0    Dex: 14    Spells: 2 memorised, 5 levels left

rFire  + . .     SeeInvis .     k - +0 dagger
rCold  + . .     Gourm    .     a - +0 robe
rNeg   . . .     Faith    .     (no shield)
rPois  .         Spirit   .     (helmet restricted)
rElec  .         Reflect  .     p - +0 cloak
rCorr  .         Harm     +     (no gloves)
MR     .....                    (no boots)
Stlth  ++........               g - amulet of harm
                                (no ring)
                                l - ring of protection from fire

@: very slightly contaminated, invisible
A: horns 1, cold resistance 1
a: no special abilities


You were on level 4 of the Dungeon.
You were near starving.

You visited 1 branch of the dungeon, and saw 4 of its levels.

You collected 136 gold pieces.

Inventory:

Hand Weapons
 f - a +0 whip
 k - a +0 dagger (weapon)
Armour
 a - a +0 robe (worn)
 d - a +0 helmet
 p - a +0 cloak (worn)
Jewellery
 g - an amulet of harm (around neck)
 l - a ring of protection from fire (left hand)
Scrolls
 i - 3 scrolls of enchant armour {unknown}
 m - 5 scrolls of identify {unknown}
 q - a scroll of teleportation {unknown}
 r - a scroll of remove curse {unknown}
 s - a scroll of noise {unknown}
 t - a scroll of enchant weapon {unknown}
Potions
 h - a potion of lignification {unknown}
 j - a potion of brilliance {unknown}
Books
 b - a book of Necromancy

   Spells                             Type                      Level
   a - Pain                           Necromancy                   1
   b - Animate Skeleton               Necromancy                   1
   c - Vampiric Draining              Necromancy                   3
   d - Regeneration                   Charms/Necromancy            3
   e - Animate Dead                   Necromancy                   4
   f - Control Undead                 Necromancy                   4
Comestibles
 c - a bread ration
 n - a meat ration
 o - 3 fruits


   Skills:
 - Level 1.7 Dodging
 - Level 1.7 Stealth
 - Level 3.1 Spellcasting
 + Level 6.4 Necromancy


You had 5 spell levels left.
You knew the following spells:

 Your Spells              Type           Power        Failure   Level  Hunger
a - Pain                  Necr           ###.         1%          1    None
b - Animate Dead          Necr           N/A          14%         4    ####...


Dungeon Overview and Level Annotations

Branches:
Dungeon (3/15)

Altars:

Annotations:
D:3 dscm's ghost, weakling OpEE


Innate Abilities, Weirdness & Mutations

You have a pair of small horns on your head.
Your flesh is cold resistant. (rC+)


Message History

You feel sick.
You are no longer poisoned.
The giant cockroach closely misses you.
You fade into invisibility!
The giant cockroach waves its antennae.
The giant cockroach barely misses you.
You are very lightly contaminated with residual magic.
You barely miss the giant cockroach.
You catch the helpless giant cockroach completely off-guard!
You hit the giant cockroach.
You kill the giant cockroach!
The giant cockroach closely misses you. The worker ant bites you.
* * * LOW HITPOINT WARNING * * *
You barely miss the giant cockroach. The giant cockroach closely misses you.
The worker ant closely misses you.
You strike the helpless giant cockroach from behind!
You hit the giant cockroach.
You kill the giant cockroach!
The worker ant bites you.
You die...

#..## ##..# ##.## #..#
#..# #### #..#
##.#####..## ##.#
#..###.....## #..
##.###.......###.. ###
#..##.........###.
#...#a###..........##.
#...†@# #...........#.
#.....## #...........#.
#..... ##...........#
#..... #...........#
#......####............
#...........#...........
#.......................
#.........###...........
...... #..........


You could see a worker ant.

Vanquished Creatures
  A crimson imp (D:4)
  A worker ant (D:3)
  3 adders (D:2)
  4 dart slugs
  A leopard gecko (D:1)
  10 bats
  4 giant cockroaches
  9 goblins
  11 hobgoblins
  6 jackals (D:1)
  A quokka (D:2)
  3 frilled lizards
  6 kobolds
  5 rats
65 creatures vanquished.

Notes
Turn   | Place    | Note
-------+----------+-------------------------------------------
     0 | D:1      | KingCrawl the Demonspawn Necromancer began the quest for the Orb.
     0 | D:1      | Reached XP level 1. HP: 13/13 MP: 3/3
   211 | D:1      | Gained mutation: Your flesh is cold resistant. (rC+) [demonic ancestry]
   211 | D:1      | Reached XP level 2. HP: 14/19 MP: 1/5
   718 | D:1      | Gained mutation: You have a pair of small horns on your head. [demonic ancestry]
   718 | D:1      | Reached XP level 3. HP: 12/24 MP: 0/7
  1429 | D:2      | Reached skill level 5 in Necromancy
  1473 | D:2      | Reached XP level 4. HP: 13/30 MP: 0/8
  2144 | D:3      | Learned a level 4 spell: Animate Dead
  2338 | D:3      | Reached skill level 6 in Necromancy
  2377 | D:3      | Noticed dscm's ghost (weakling OpEE)
  2508 | D:2      | You fall through a shaft for 2 floors!
  2616 | D:4      | Reached XP level 5. HP: 7/35 MP: 9/9
  2935 | D:4      | Slain by a worker ant

Skill      XL: |  1  2  3  4 |
---------------+-------------+-----
Spellcasting   | 3 |  3.1
Necromancy     | 5 6 |  6.4
Dodging        | |  1.7
Stealth        | |  1.7

Action                   |  1- 3 |  4- 6 || total
-------------------------+-------+-------++-------
Melee: Unarmed           |     2 |       ||     2
       Whip              |    40 |       ||    40
       Headbutt          |     2 |     8 ||    10
       Dagger            |       |    76 ||    76
 Cast: Pain              |    64 |    46 ||   110
  Use: Potion            |     1 |     2 ||     3
 Stab: Distracted        |     1 |       ||     1
       Invisible         |       |     5 ||     5
  Eat: Chunk             |     1 |     4 ||     5
Armor: Robe              |    16 |    23 ||    39
Dodge: Dodged            |    39 |    59 ||    98
